 Dungeon Crawl Stone Soup version 0.28-a0-819-g6ef7baa362 (webtiles) character file.

Game seed: 15211658835681038337

427 croobank the Insei (level 6, -1/38 HPs)
             Began as an Octopode Transmuter on Nov 8, 2021.
             Slain by an adder (2 damage)
             ... on level 4 of the Dungeon.
             The game lasted 00:22:20 (3971 turns).

croobank the Insei (Octopode Transmuter)            Turns: 3971, Time: 00:22:21

Health: -1/38      AC:  5    Str: 11    XL:     6   Next: 97%
Magic:  9/9        EV: 13    Int: 16    God:
Gold:   145        SH:  0    Dex: 12    Spells: 2/10 levels left

rFire   + . .      SeeInvis .   i - +1 flail (protect)
rCold   + . .      Faith    .   (no shield)
rNeg    . . .      Spirit   .   (helmet restricted)
rPois   +          Reflect  .   (no amulet)
rElec   +          Harm     .   b - +4 ring of protection
rCorr   +          Rampage  .   (no ring)
Will    .....                   (no ring)
Stlth   +++.......              (no ring)
HPRegen 0.12/turn               (no ring)
MPRegen 0.11/turn               (no ring)
                                (no ring)
                                (no ring)

@: lethally poisoned (-1 -> -2), about to teleport, resistant
A: almost no armour, amphibious, 8 rings, camouflage 1, gelatinous body 1,
(nimble swimmer 1), tentacles
a: no special abilities


You were on level 4 of the Dungeon.
You visited 1 branch of the dungeon, and saw 4 of its levels.

You collected 145 gold pieces.

Inventory:

Hand Weapons
 c - a +0 dagger
 i - a +1 flail of protection (weapon)
 j - a +0 short sword
 l - a +0 hand axe
Missiles
 f - 125 stones
 h - 32 arrows
 k - 6 poisoned darts (quivered)
 p - 15 bolts
Jewellery
 b - a +4 ring of protection (left tentacle)
Scrolls
 d - a scroll of magic mapping
 e - 2 scrolls of teleportation
 o - 2 scrolls of blinking {unknown}
Potions
 n - a potion of attraction


   Skills:
 + Level 1.3 Fighting
 + Level 0.8 Throwing
 + Level 3.3 Dodging
 + Level 4.1 Stealth
 + Level 5.5 Unarmed Combat
 + Level 2.5 Spellcasting
 + Level 0.1 Translocations
 + Level 2.6 Transmutations


You had 2 spell levels left.
You knew the following spells:

 Your Spells              Type           Power      Damage    Failure   Level
a - Beastly Appendage     Tmut           20%        N/A       7%          1
b - Wereblood             Tmut           10%        N/A       10%         2
c - Spider Form           Tmut/Pois      6%         N/A       34%         3
d - Blink                 Tloc           4%         N/A       28%         2

Your spell library contained the following spells:

 Spells                   Type           Power      Damage    Failure   Level
 Lesser Beckoning         Tloc           2%         N/A       50%         3
 Ice Form                 Ice/Tmut       6%         N/A       75%         4
 Passage of Golubria      Tloc           2%         N/A       88%         4
 Manifold Assault         Tloc           2%         N/A       99%         5
 Silence                  Hex/Air        1%         N/A       99%         5
 Storm Form               Tmut/Air       3%         N/A       100%        7
 Lehudib's Crystal Spear  Conj/Erth      1%         10d2      100%        8


Dungeon Overview and Level Annotations

Branches:
Dungeon (4/15)
 Temple: D:4-7

Altars:
Gozag
Zin


Innate Abilities, Weirdness & Mutations

You cannot wear most types of armour.
You are amphibious.
You can wear up to eight rings at the same time.
Your skin changes colour to match your surroundings (Stealth+).
Your rubbery body absorbs attacks. (AC +1, EV +1)
((You are camouflaged near water. (Stealth+)))
You have tentacles for arms and can constrict up to eight enemies at once.


Message History

You miss the adder. Your grab misses the adder. The adder barely misses you.
The gnoll misses you. The adder misses you.
The gnoll hits you from afar with a +0 spear.
You sock the adder!
Your weapon exudes an aura of protection.
Your grab misses the adder.
The adder is heavily wounded.
The adder misses you.
A gnoll comes into view. It is wielding a +0 club.
The gnoll misses you. The adder bites you but does no damage.
You closely miss the adder. Your grab misses the adder.
The adder is heavily wounded.
The adder closely misses you.
The gnoll hits you from afar with a +0 spear.
The adder bites you.
You miss the adder. Your grab misses the adder. Your squeeze misses the adder.
The adder is heavily wounded.
The gnoll hits you from afar with a +0 spear!
* * * LOW HITPOINT WARNING * * *
The adder closely misses you.
The gnoll hits you from afar with a +0 spear.
* * * LOW HITPOINT WARNING * * *
The adder bites you.
* * * LOW HITPOINT WARNING * * *
You are poisoned.
The adder poisons you!
As you read the scroll of teleportation, it crumbles to dust.
You feel strangely unstable.
* * * LOW HITPOINT WARNING * * *
You feel sick.
The gnoll hits you from afar with a +0 spear.
* * * LOW HITPOINT WARNING * * *
The adder misses you.
Okay, then.
* * * LOW HITPOINT WARNING * * *
You feel sick.
You feel protected.
* * * LOW HITPOINT WARNING * * *
You feel sick. The adder bites you.
You die...

#.. #..# ##......#
#..#######..###.......#
#.....).....>.....#)#
#..#######..###...###)#
#..#######[......####.#
...............).......#
#....#####....###########
#.#...........#
#.##.......@[## .
..##.##S#.# #. #g#.# .
.gg.# . ##.### ## #.# ..#
###


You could see 2 gnolls and an adder.

Vanquished Creatures
  Edmund (D:4)
  An ogre (D:4)
  An orc wizard (D:3)
  An iguana (D:3)
  5 gnolls
  3 adders
  A worm (D:3)
  2 dart slugs
  7 orcs (D:3)
  7 bats
  11 endoplasms
  2 giant cockroaches
  7 goblins
  7 hobgoblins
  5 kobolds
  6 quokkas
  3 ball pythons
  2 frilled lizards
  4 rats
76 creatures vanquished.

Notes
Turn   | Place    | Note
-------+----------+-------------------------------------------
     0 | D:1      | croobank the Octopode Transmuter began the quest for the
                  | Orb.
     0 | D:1      | Reached XP level 1. HP: 13/13 MP: 3/3
   241 | D:1      | Reached XP level 2. HP: 18/18 MP: 5/5
   573 | D:1      | Learned a level 2 spell: Wereblood
   953 | D:1      | Reached XP level 3. HP: 23/23 MP: 6/6
  1081 | D:1      | Reached skill level 1 in Stealth
  1608 | D:2      | Reached XP level 4. HP: 28/28 MP: 7/7
  1616 | D:2      | Learned a level 3 spell: Spider Form
  1656 | D:2      | You fall into a shaft and drop 1 floor!
  1683 | D:3      | Found a glowing silver altar of Zin.
  1683 | D:3      | Found an opulent altar of Gozag.
  1687 | D:3      | Reached skill level 4 in Unarmed Combat
  1797 | D:2      | Found a faded altar of an unknown god.
  2183 | D:3      | Reached XP level 5. HP: 10/33 MP: 6/8
  2413 | D:3      | Learned a level 2 spell: Blink
  3001 | D:4      | Noticed Edmund
  3253 | D:4      | Killed Edmund
  3254 | D:4      | Reached skill level 5 in Unarmed Combat
  3254 | D:4      | Reached XP level 6. HP: 20/38 MP: 9/9
  3971 | D:4      | HP: 1/38 [poisoned by an adder]
  3971 | D:4      | Slain by an adder

Illustrated notes

Levels and vault maps discovered:
D:1:      lemuel_arrival_room, layout_loops_ring
D:2:      layout_rooms, chequers_ecumenical_altar_simple
D:3:      layout_basic, grunt_temple_overflow_gold_and_silver
D:4:      minmay_polygon_palace, layout_loops_ring, uniq_edmund

Skill      XL: |  1  2  3  4  5  6 |
---------------+-------------------+-----
Stealth        | 1 2 3 4 |  4.1
Unarmed Combat | 4 5 |  5.5
Dodging        | 3 |  3.3
Fighting       | |  1.3
Throwing       | |  0.8
Spellcasting   | |  2.5
Translocations | |  0.1
Transmutations | |  2.6

Action                   |  1- 3 |  4- 6 || total
-------------------------+-------+-------++-------
Melee: Unarmed           |    86 |   128 ||   214
       Constrict         |    18 |    33 ||    51
       Tentacles         |    15 |    29 ||    44
       Punch             |     3 |     7 ||    10
       Flail             |       |    16 ||    16
Throw: Dart              |       |    10 ||    10
       Boomerang         |       |     2 ||     2
       Stone             |       |     1 ||     1
 Cast: Wereblood         |       |     3 ||     3
       Blink             |       |     1 ||     1
  Use: Scroll            |     3 |     4 ||     7
       Potion            |       |     3 ||     3
 Stab: Sleeping          |     8 |     8 ||    16
Armor: Skin              |    17 |    29 ||    46
Dodge: Dodged            |    46 |    82 ||   128

Table legend: (Time is in decaauts)
 A = Elapsed time spent in this place.
 B = Non-inter-level travel time spent in this place.
 C = Inter-level travel time spent in this place.
 D = Time resting spent in this place.
 E = Time spent auto-exploring this place.
 F = Levels seen in this place.
 G = Mean time per level.
                   A        B        C        D        E       F      G
               +--------+--------+--------+--------+--------+-----+--------+
         Total |   3962 |   3895 |     67 |   1073 |   1959 |   4 |  990.5 |
       Dungeon |   3962 |   3895 |     67 |   1073 |   1959 |   4 |  990.5 |
               +--------+--------+--------+--------+--------+-----+--------+

Top non-repeatable levels by time:
     D:3: 1267 daAuts
     D:1: 1219 daAuts
     D:4: 845 daAuts
     D:2: 630 daAuts
